 Dungeon Crawl Stone Soup version 0.28.0-53-g5a82cb258f (webtiles) character file.

Game seed: 11502323399767862739

89 Sin92 the Skirmisher (level 4, -4/35 HPs)
             Began as a Demonspawn Fighter on Aug 2, 2022.
             Blown up by Ijyb (16 damage)
             ... with a mindburst bolt
             ... on level 3 of the Dungeon on Aug 3, 2022.
             The game lasted 00:03:52 (1739 turns).

Sin92 the Skirmisher (Demonspawn Fighter)           Turns: 1739, Time: 00:03:53

Health: -4/35      AC: 12    Str: 16 (18) XL:     4   Next: 31%
Magic:  4/4        EV:  8    Int:  7 (10) God:
Gold:   40         SH:  4    Dex: 10 (12) Spells: 3/3 levels left

rFire   . . .      SeeInvis .   a - +0 flail
rCold   . . .      Faith    .   c - +0 buckler
rNeg    . . .      Spirit   .   b - +0 scale mail
rPois   .          Reflect  .   (no helmet)
rElec   .          Harm     .   n - +2 cloak {Will+}
rCorr   .          Rampage  .   (no gloves)
Will    +....                   (no boots)
Stlth   ..........              (no amulet)
HPRegen 0.11/turn               (no ring)
MPRegen 0.09/turn               (no ring)

@: studying Armour
A: slimy green scales 1, weakness stinger 1
a: no special abilities


You were on level 3 of the Dungeon.
You visited 1 branch of the dungeon, and saw 3 of its levels.

You collected 40 gold pieces.

Inventory:

Hand Weapons
 a - a +0 flail (weapon)
Armour
 b - a +0 scale mail (worn)
 c - a +0 buckler (worn)
 n - a +2 cloak of willpower (worn)
Jewellery
 e - a ring of wizardry
 f - a +4 ring of protection
Scrolls
 k - a scroll of brand weapon
Potions
 d - a potion of might
 i - a potion of resistance {unknown}
 j - a potion of flight {unknown}
 l - a potion of lignification


   Skills:
 + Level 3.4 Fighting
 * Level 3.0 Maces & Flails
 + Level 3.3 Armour
 + Level 3.2 Shields


You had 3 spell levels left.
You didn't know any spells.
Your spell library was empty.

Dungeon Overview and Level Annotations

Branches:
Dungeon (3/15)

Altars:

Shops:
D:1 ?

Annotations:
D:3 Ijyb


Innate Abilities, Weirdness & Mutations

You are partially covered in slimy green scales. (AC +2)
You have a small tail.


Message History

a +3 quarterstaff of chaos; the gnoll corpse of Crazy Yiuf
There is a stone staircase leading down here.
You climb downwards.
There is a stone staircase leading up here.
Ijyb is nearby!
You hit Ijyb.
Ijyb is moderately wounded.
Ijyb zaps a wand.
Your mind is blasted!
You closely miss Ijyb. You tail-slap Ijyb, but do no damage.
Ijyb is moderately wounded.
Ijyb hits you with a +0 club.
You barely miss Ijyb.
Ijyb is moderately wounded.
Ijyb hits you with a +0 club. x2
You closely miss Ijyb.
Ijyb is moderately wounded.
Ijyb barely misses you.
You hit Ijyb.
Ijyb is heavily wounded.
Ijyb misses you.
You sock Ijyb!
Ijyb is severely wounded.
Ijyb closely misses you.
You hit Ijyb but do no damage.
Ijyb is severely wounded.
Ijyb hits you but does no damage.
Ijyb zaps a wand.
Your mind is blasted!
* * * LOW HITPOINT WARNING * * *
Unknown command.
It was a potion of degeneration.
There was something very wrong with that liquid.
You feel weakened.
You feel dopey.
You feel clumsy. Ijyb hits you but does no damage.
It was a potion of curing.
You feel better. You block Ijyb's attack.
You closely miss Ijyb.
Ijyb is severely wounded.
Ijyb hits you but does no damage.
You closely miss Ijyb.
Ijyb is severely wounded.
Ijyb zaps a wand.
Your mind is blasted!
You die...

.........
#..#.... #
#......
#.#.....#+#
#.#.........
.......#...
#.g.....##
#.@.......
#.<#..#.##
.......## .#
..##### #


You could see Ijyb.

Vanquished Creatures
  Crazy Yiuf (D:2)
  An adder (D:2)
  3 dart slugs
  4 endoplasms
  2 giant cockroaches (D:1)
  5 goblins
  3 hobgoblins
  3 kobolds
  5 quokkas
  5 ball pythons
  3 bats
  3 frilled lizards (D:1)
  5 rats
43 creatures vanquished.

Notes
Turn   | Place    | Note
-------+----------+-------------------------------------------
     0 | D:1      | Sin92 the Demonspawn Fighter began the quest for the Orb.
     0 | D:1      | Reached XP level 1. HP: 18/18 MP: 1/1
   229 | D:1      | Found Dujimmai's Magic Scroll Boutique.
   246 | D:1      | Gained mutation: You have a small tail. [demonic ancestry]
   246 | D:1      | Reached XP level 2. HP: 24/24 MP: 2/2
   818 | D:1      | Reached XP level 3. HP: 29/29 MP: 3/3
  1633 | D:2      | Found a runed translucent door.
  1634 | D:2      | Noticed Crazy Yiuf
  1640 | D:2      | Killed Crazy Yiuf
  1641 | D:2      | Gained mutation: You are partially covered in slimy green
                  | scales. (AC +2) [demonic ancestry]
  1641 | D:2      | Reached XP level 4. HP: 28/35 MP: 4/4
  1727 | D:3      | Noticed Ijyb
  1739 | D:3      | Blown up by Ijyb

Illustrated notes

Levels and vault maps discovered:
D:1:      ncdulo_watergridlock, layout_loops_ring, serial_shops,
          nicolae_shop_stone
D:2:      layout_rooms, uniq_crazy_yiuf_cottage
D:3:      layout_basic, uniq_sigmund, uniq_ijyb

Skill      XL: |  1  2  3 |
---------------+----------+-----
Maces & Flails | 2 3 |  3.0
Armour         | 3 |  3.3
Shields        | 3 |  3.2
Fighting       | |  3.4

Action                   |  1- 3 |  4- 6 || total
-------------------------+-------+-------++-------
Melee: Flail             |   113 |     9 ||   122
       Tailslap          |     8 |     1 ||     9
  Use: Scroll            |     2 |     1 ||     3
       Potion            |       |     2 ||     2
Armor: Scale mail        |    55 |     3 ||    58
Dodge: Dodged            |    37 |     3 ||    40
Block: Buckler           |    22 |     1 ||    23
